 Dungeon Sprint DCSS version 0.21-a0-71-g5e5ddd2 (webtiles) character file.

662 Kidiri the Chucker (level 7, -12/106 HPs)
             Began as a Troll Hunter on June 19, 2017.
             Was a Believer of Wu Jian.
             Mangled by a cyclops (25 damage)
             ... in the Dungeon (Sprint V: "Ziggurat Sprint").
             The game lasted 00:02:03 (239 turns).

Kidiri the Chucker (Troll Hunter)                    Turns: 239, Time: 00:02:04

Health: -12/106    AC:  5    Str: 26    XL:     7   Next: 30%
Magic:  6/6        EV: 15    Int:  7    God:    Wu Jian [**....]
Gold:   0          SH:  0    Dex: 24    Spells: 6/6 levels left

rFire    . . .     SeeInvis .     - Unarmed
rCold    . . .     Gourm    +   (no shield)
rNeg     . . .     Faith    .   b - +0 robe
rPois    .         Spirit   .   (helmet restricted)
rElec    .         Reflect  .   (no cloak)
rCorr    .         Harm     .   (gloves unavailable)
MR       .....     NoTele   +   (boots unavailable)
Stlth    ..........             (no amulet)
HPRegen  0.67/turn              y - +6 ring of dexterity
MPRegen  0.10/turn              A - +6 ring of dexterity

@: berserking (expiring), very quick
A: unfitting armour, claws 3, fast metabolism 3, gourmand, regeneration 1,
shaggy fur 1, tough skin 2
a: Renounce Religion


You were in the Dungeon.
You worshipped Wu Jian.
Wu Jian was pleased with you.
You were not hungry.

You visited 1 branch

Inventory:

Missiles
 c - 4 large rocks (quivered)
 d - 2 throwing nets
Armour
 b - a +0 robe (worn)
 J - +5 gold dragon scales
Jewellery
 y - a +6 ring of dexterity (left claw)
 A - a +6 ring of dexterity (right claw)
 B - a +6 ring of intelligence
 C - a +6 ring of intelligence
 D - a +6 ring of strength
 E - a +6 ring of strength
Wands
 F - a wand of disintegration (7/24)
 G - a wand of iceblast (5/15)
 H - a wand of lightning (5/15)
 I - a wand of acid (5/15)
Scrolls
 k - 4 scrolls of blinking
 q - 4 scrolls of amnesia
 r - 3 scrolls of recharging
 s - 7 scrolls of fog
 t - a scroll of holy word
 u - 5 scrolls of identify
 v - 5 scrolls of remove curse
 w - 2 scrolls of fear
Potions
 a - 2 potions of brilliance
 e - 10 potions of curing
 g - 7 potions of heal wounds
 h - 6 potions of haste
 i - 7 potions of magic
 j - a potion of berserk rage
 l - 2 potions of invisibility
 m - 4 potions of resistance
 o - 5 potions of agility
 p - 5 potions of might
Comestibles
 f - 6 bread rations
 x - 42 fruits
 z - 4 meat rations


   Skills:
 + Level 4.6 Fighting
 * Level 7.6 Throwing
 + Level 4.1 Armour
 * Level 6.3 Dodging
 * Level 4.5 Stealth
 * Level 7.2 Unarmed Combat


You had 6 spell levels left.
You didn't know any spells.

Dungeon Overview and Level Annotations

Branches:
Dungeon (1/1)

Altars:
Ashenzari
Cheibriados
Dithmenos
Elyvilon
Fedhas
Gozag
Hepliaklqana
Kikubaaqudgha
Makhleb
Nemelex Xobeh
Okawaru
Qazlal
Ru
Sif Muna
Trog
Uskayaw
Vehumet
Wu Jian
Xom
Yredelemnul
Zin
The Shining One
Beogh
Jiyva
Lugonu

Annotations:
D 1 transporter


Innate Abilities, Weirdness & Mutations

You are too large for most types of armour.
You have claws for hands.
Your metabolism is lightning-fast.
You like to eat raw meat.
Your natural rate of healing is unusually fast.
You are covered in fur. (AC +1)
You have very tough skin. (AC +2)


Message History

The ogre mage closely misses you.
You spin and attack the deep elf knight.
You completely miss the deep elf knight.
The deep elf knight is lightly wounded.
The cyclops misses you.
The deep elf knight hits you with a long sword!
* * * LOW HITPOINT WARNING * * *
Things that are here:
a short sword; a buckler; an elf corpse You scratch the deep elf knight.
The deep elf knight is moderately wounded.
The ogre mage points at you and mumbles some strange words.
You struggle to resist.
Unknown command.
You miss the deep elf knight.
The deep elf knight is moderately wounded.
The deep elf knight hits you with a long sword!
* * * LOW HITPOINT WARNING * * *
The cyclops hits you!!
You die...

▓▓▓▓▓▓▓▓▓▓▓▓▓▓▓▓▓▓▓
▓.8©8.▓.8©8.▓.8©8.▓
▓.))|.▓.)[|.▓.....▓
▓..(..▓.....▓.|.).▓
▓.....▓.....▓..)..▓
▓.CO..▓.....▓.....▓
▓..@e.▓...%.▓.....▓
▓.....▓.....▓▓▓▓▓▓▓
▓▓▓▓▓▓▓▓▓▓▓▓▓


You could see an ogre mage, a deep elf knight and a cyclops.

Vanquished Creatures
  A deep elf knight (D)
  A wolf (D)
  A river rat (D)
  2 orcs (D)
  A jackal (D)
6 creatures vanquished.

Notes
Turn   | Place    | Note
-------+----------+-------------------------------------------
     0 | D        | Kidiri the Troll Hunter began the quest for the Orb.
     0 | D        | Reached XP level 1. HP: 19/19 MP: 0/0
     1 | D        | Found a deep blue altar of Sif Muna.
     1 | D        | Found a sacrificial altar of Ru.
     1 | D        | Found a bloodstained altar of Trog.
     1 | D        | Found a stormy altar of Qazlal.
     1 | D        | Found an iron altar of Okawaru.
     1 | D        | Found a sparkling altar of Nemelex Xobeh.
     1 | D        | Found a blossoming altar of Fedhas.
     3 | D        | Found a transporter.
     3 | D        | Found an ancient bone altar of Kikubaaqudgha.
     3 | D        | Found a viscous altar of Jiyva.
     3 | D        | Found a corrupted altar of Lugonu.
     3 | D        | Found a hazy altar of Hepliaklqana.
     3 | D        | Found a burning altar of Makhleb.
     3 | D        | Found an opulent altar of Gozag.
    51 | D        | Became a worshipper of the Wu Jian Council
    52 | D        | Reached skill level 1 in Armour
    52 | D        | Reached skill level 1 in Stealth
    52 | D        | Reached XP level 2. HP: 29/29 MP: 1/1
    67 | D        | Entered arena 2.
    67 | D        | Found a transporter.
   179 | D        | Entered arena 3.
   179 | D        | Noticed a wolf
   179 | D        | Found a transporter.
   185 | D        | Killed a wolf
   185 | D        | Reached * piety under Wu Jian
   185 | D        | Reached skill level 5 in Throwing
   185 | D        | Reached XP level 3. HP: 23/37 MP: 2/2
   185 | D        | Reached XP level 4. HP: 28/45 MP: 3/3
   229 | D        | Entered arena 4.
   229 | D        | Noticed a deep elf knight
   229 | D        | Noticed a cyclops
   229 | D        | Noticed an ogre mage
   229 | D        | Noticed a deep elf knight
   229 | D        | Found a transporter.
   236 | D        | Killed a deep elf knight
   236 | D        | Reached ** piety under Wu Jian
   236 | D        | Reached XP level 5. HP: 26/55 MP: 4/4
   236 | D        | Reached XP level 6. HP: 30/63 MP: 5/5
   236 | D        | Reached XP level 7. HP: 34/71 MP: 6/6
   239 | D        | Mangled by a cyclops

Vault maps used:
D:        sprint_v

Skill      XL: |  1  2  3  4 |
---------------+-------------+-----
Fighting       | 2 3 4 |  4.6
Throwing       | 4 5 7 |  7.6
Armour         | 1 2 4 |  4.1
Dodging        | 3 4 6 |  6.3
Stealth        | 1 2 4 |  4.5
Unarmed Combat | 2 4 7 |  7.2

Action                   |  1- 3 |  4- 6 |  7- 9 || total
-------------------------+-------+-------+-------++-------
Melee: Unarmed           |     9 |     7 |     3 ||    19
Throw: Large rock        |       |     1 |       ||     1
  Use: Potion            |     3 |     3 |       ||     6
Armor: Robe              |     4 |       |     1 ||     5
Dodge: Dodged            |     5 |     3 |     2 ||    10
